AoeStats
← clive bixby

Arena

510814604Analyzed
1v1 RM · 1d ago on Oct 2, 2026· 48m 44s· 2 players
Game mode
Random Map
Map size
Tiny (2 player)
Population
200
Speed
Normal
Resources
Standard
Victory
Conquest
Starting age
Dark Age
Ending age
Imperial Age
RankedLock teamsTeams togetherTeam positionsShared explorationLock speedFull tech treeHidden civsTurbo modeCheats
Victory
Defeat
🇨🇦 Turks · Canada
987
+17
🇵🇪 Vietnamese · Peru
1003
-17
clive bixby
12:08 Feudal Age
15:55 Castle Age
13:49 Horse Collar
14:29 Double-Bit Axe
16:41 Heavy Plow
22:29 Wheelbarrow
21:54 Loom
21:54 Town Watch
22:59 Padded Archer Armor
23:39 Bow Saw
23:22 Gold Mining
24:09 Hand Cart
25:17 Gold Shaft Mining
25:53 Leather Archer Armor
25:44 Fletching
26:36 Town Patrol
27:22 Bodkin Arrow
28:10 Husbandry
28:17 Scale Barding Armor
28:33 Forging
29:40 Chain Barding Armor
32:05 Imperial Age
30:23 Iron Casting
30:04 Bloodlines
31:27 Ballistics
31:24 Stone Mining
33:52 Blast Furnace
33:23 Ring Archer Armor
33:28 Plate Barding Armor
32:54 Bracer
33:49 Murder Holes
35:34 Conscription
37:55 Two-Man Saw
37:28 Squires
37:13 Arson
41:32 Heavy Camel Rider
43:41 Scale Mail Armor
Guli
11:43 Feudal Age
16:22 Castle Age
14:33 Horse Collar
15:26 Double-Bit Axe
17:30 Heavy Plow
17:43 Bow Saw
21:10 Wheelbarrow
20:25 Loom
20:28 Town Watch
24:36 Stone Mining
24:36 Gold Mining
27:51 Hand Cart
28:23 Gold Mining
30:28 Stone Shaft Mining
31:01 Bloodlines
30:51 Husbandry
31:01 Scale Barding Armor
31:06 Forging
33:59 Imperial Age
32:25 Fortified Wall
31:56 Treadmill Crane
32:26 Masonry
32:37 Ballistics
32:15 Murder Holes
32:27 Chatras
34:02 Town Patrol
34:23 Chain Barding Armor
34:51 Guilds
35:06 Elite Battle Elephant
37:31 Plate Barding Armor
38:24 Iron Casting
42:18 Siege Engineers
46:00 Fletching
48:04 Two-Man Saw
47:37 Crop Rotation
46:40 Elite Rattan Archer
47:30 Thumb Ring
47:55 Padded Archer Armor
48:15 Bodkin Arrow
49:41 Chemistry
Connection lost

Rejoining the realm…

Still unreachable

The connection could not be restored.

Session expired

The server has moved on; the page needs a fresh start.